 Dungeon Crawl Stone Soup version 0.28.0 (webtiles) character file.

Game seed: 10373685431978862518

1993 bande the Chopper (level 9, -7/59 HPs)
             Began as a Gargoyle Fighter on Feb 14, 2022.
             Was a Priest of Okawaru.
             Mangled by an ogre (16 damage)
             ... on level 6 of the Dungeon on Feb 15, 2022.
             The game lasted 00:15:32 (7494 turns).

bande the Chopper (Gargoyle Fighter)                Turns: 7494, Time: 00:15:33

Health: -7/59      AC: 21    Str: 19    XL:     9   Next: 21%
Magic:  11/11      EV:  7    Int: 10    God:    Okawaru [***...]
Gold:   247        SH:  5    Dex: 13    Spells: 6/8 levels left

rFire   + . .      SeeInvis .   a - +1 war axe
rCold   . . .      Faith    .   c - +0 buckler
rNeg    + . .      Spirit   .   s - +0 chain mail {rF+}
rPois   ∞          Reflect  .   (no helmet)
rElec   +          Harm     .   (no cloak)
rCorr   .          Rampage  .   (no gloves)
Will    .....                   j - +0 pair of boots
Stlth   ..........              (no amulet)
HPRegen 0.19/turn               f - +4 ring of protection
MPRegen 0.12/turn               (no ring)

@: no status effects
A: sickness immunity, AC +6, negative energy resistance 1, electricity
resistance, torment resistance 1, petrification resistance, robust 1
a: Renounce Religion, Heroism


You were on level 6 of the Dungeon.
You worshipped Okawaru.
Okawaru was most pleased with you.
You visited 2 branches of the dungeon, and saw 7 of its levels.

You collected 247 gold pieces.

Inventory:

Hand Weapons
 a - a +1 war axe (weapon)
 n - a +0 flail
 o - the +7 mace of Cataclysm {flame, Drain rF+ Int+2 SInv}
   (You found it on level 4 of the Dungeon)

   It burns those it strikes, dealing additional fire damage.
   Int:       It affects your intelligence (+2).
   rF:        It protects you from fire.
   SInv:      It lets you see invisible.
   Drain:     It drains your maximum health when unequipped.
Armour
 c - a +0 buckler (worn)
 h - a +2 scale mail of cold resistance
 j - a +0 pair of boots (worn)
 r - a +1 helmet
 s - a +0 chain mail of fire resistance (worn)
Jewellery
 f - a +4 ring of protection (left hand)
 l - a ring of magical power
Wands
 m - a wand of paralysis (5)
 p - a wand of flame (11)
Potions
 b - 3 potions of heal wounds
 d - a potion of might
 e - 3 potions of magic
 g - a potion of flight
 i - a potion of brilliance
 k - 3 potions of curing
 u - a potion of degeneration {unknown}


   Skills:
 + Level 5.1 Fighting
 + Level 6.5 Axes
 + Level 6.3 Armour
 + Level 4.2 Shields
 * Level 3.4 Translocations
 * Level 3.9 Invocations
 * Level 3.4 Evocations


You had 6 spell levels left.
You knew the following spells:

 Your Spells              Type           Power      Damage    Failure   Level
a - Blink                 Tloc           12%        N/A       87%         2

Your spell library contained the following spells:

 Spells                   Type           Power      Damage    Failure   Level
 Gell's Gravitas          Tloc           6%         N/A       98%         3
 Lesser Beckoning         Tloc           6%         N/A       98%         3
 Teleport Other           Tloc           6%         N/A       98%         3
 Static Discharge         Conj/Air       0%         N/A       100%        2
 Wereblood                Tmut           0%         N/A       100%        2
 Inner Flame              Hex/Fire       0%         N/A       100%        3
 Irradiate                Conj/Tmut      0%         3d13      100%        5
 Lee's Rapid Deconstruct  Erth           0%         3d5*      100%        5
 Lightning Bolt           Conj/Air       0%         1d11      100%        5
 Manifold Assault         Tloc           6%         N/A       100%        5
 Disjunction              Tloc           3%         N/A       100%        8
 Ignition                 Fire           0%         3d3       100%        8
 Maxwell's Capacitive Co  Air            0%         ∞         100%        8
 Malign Gateway           Summ/Tloc      Unusable   N/A       N/A         7

Dungeon Overview and Level Annotations

Branches:
Dungeon (6/15)             Temple (1/1) D:4

Altars:
Ashenzari
Cheibriados
Dithmenos
Elyvilon
Fedhas
Kikubaaqudgha
Makhleb
Okawaru
Qazlal
Vehumet
Wu Jian
Xom
Yredelemnul
The Shining One

Shops:
D:2 ?

Annotations:
D:5 2 transporters, yahweh's ghost, amateur TeAE


Innate Abilities, Weirdness & Mutations

You are immune to sickness and miasma.
Your stone body is resilient. (AC +6)
You are immune to poison.
You resist negative energy. (rN+)
You are resistant to electric shocks. (rElec)
You are resistant to unholy torment.
You are immune to petrification.
You are robust. (+10% HP)


Message History

You now have 235 gold pieces (gained 7).
You now have 247 gold pieces (gained 12).
An ogre comes into view. It is wielding a +0 giant spiked club.
The ogre shouts!
There is an escape hatch in the ceiling here.
You barely miss the ogre.
The ogre hits you with a +0 giant spiked club!
You hit the ogre.
The ogre is lightly wounded.
The ogre barely misses you.
You barely miss the ogre.
The ogre is lightly wounded.
The ogre hits you with a +0 giant spiked club!
You hit the ogre.
The ogre is lightly wounded.
The ogre closely misses you.
You barely miss the ogre.
The ogre is lightly wounded.
The ogre closely misses you.
You hit the ogre.
The ogre is moderately wounded.
You block the ogre's attack.
You barely miss the ogre.
The ogre is moderately wounded.
The ogre hits you but does no damage.
You hit the ogre.
The ogre is moderately wounded.
The ogre hits you with a +0 giant spiked club.
You barely miss the ogre.
The ogre is moderately wounded.
The ogre hits you with a +0 giant spiked club!
* * * LOW HITPOINT WARNING * * *
You barely miss the ogre.
The ogre is moderately wounded.
The ogre hits you with a +0 giant spiked club!
* * * LOW HITPOINT WARNING * * *
You hit the ogre.
The ogre is heavily wounded.
The ogre hits you with a +0 giant spiked club!
You die...

..#. .... #..# ...#
###########..#
#............#++
#..............#####
+...................
#.....@O.......$....
#############..#+####
........# ##.#
........## #.#
.........# #.#
.........#####.#####..
.............[........
.........#####.#####.#
...............#


You could see an ogre.

Vanquished Creatures
  6 yaks
  A steam dragon (D:4)
  A necrophage (D:5)
  2 black bears
  An ice beast (D:4)
  An ogre (D:5)
  A phantom (D:4)
  5 hounds
  2 bullfrog skeletons
  An iguana (Temple)
  A hound skeleton (D:4)
  A howler monkey skeleton (D:4)
  3 gnolls
  7 adders
  An ufetubus (D:4)
  3 worms
  An adder skeleton (D:4)
  5 dart slugs
  11 orcs
  5 ball pythons
  11 bats
  5 endoplasms
  2 giant cockroaches
  10 hobgoblins
  5 jackals
  7 kobolds
  6 quokkas
  4 frilled lizards
  2 goblins (D:1)
  8 rats
119 creatures vanquished.

Vanquished Creatures (others)
  A hound skeleton (D:4)
  A plant (D:1)
2 creatures vanquished.

Grand Total: 121 creatures vanquished

Notes
Turn   | Place    | Note
-------+----------+-------------------------------------------
     0 | D:1      | bande the Gargoyle Fighter began the quest for the Orb.
     0 | D:1      | Reached XP level 1. HP: 14/14 MP: 1/1
   172 | D:1      | Reached XP level 2. HP: 19/19 MP: 2/2
   348 | D:1      | Reached XP level 3. HP: 14/23 MP: 3/3
   641 | D:1      | Found a faded altar of an unknown god.
   844 | D:2      | Found a radiant altar of Vehumet.
   931 | D:2      | Reached XP level 4. HP: 24/29 MP: 4/4
  1087 | D:2      | Got Roxos's Almanac of Transmigration and Ignition
  1095 | D:2      | Found Nakh's Magic Scroll Shop.
  1421 | D:2      | Gained mutation: Your skin changes colour to match your
                  | surroundings (Stealth+). [potion of mutation]
  1421 | D:2      | Lost mutation: Your skin changes colour to match your
                  | surroundings (Stealth+). [potion of mutation]
  1421 | D:2      | Gained mutation: You are robust. (+10% HP) [potion of
                  | mutation]
  2211 | D:3      | Reached XP level 5. HP: 29/36 MP: 5/5
  3090 | D:4      | Found a staircase to the Ecumenical Temple.
  3100 | Temple   | Entered the Ecumenical Temple
  3298 | Temple   | Became a worshipper of Warmaster Okawaru
  3508 | D:3      | Reached XP level 6. HP: 36/41 MP: 6/6
  3732 | D:3      | Reached skill level 1 in Evocations
  3745 | D:4      | Identified the +7 mace of Cataclysm {flame, Drain rF+ Int+2
                  | SInv}
  3784 | D:4      | Learned a level 2 spell: Blink
  4198 | D:4      | Noticed a steam dragon
  4212 | D:4      | Killed a steam dragon
  4213 | D:4      | Reached skill level 1 in Translocations
  4213 | D:4      | Reached skill level 1 in Invocations
  4542 | D:5      | Entered Level 5 of the Dungeon
  4542 | D:5      | Noticed an ice beast
  4546 | D:4      | Killed an ice beast
  4547 | D:4      | Reached XP level 7. HP: 47/47 MP: 6/8
  4674 | D:5      | Reached * piety under Okawaru
  4731 | D:5      | Noticed a yak
  4747 | D:5      | Killed a yak
  4748 | D:5      | Reached skill level 5 in Axes
  4748 | D:5      | Reached skill level 5 in Armour
  5005 | D:5      | Noticed a yak
  5005 | D:5      | Noticed a yak
  5005 | D:5      | Noticed a yak
  5006 | D:5      | Noticed a yak
  5011 | D:5      | Noticed a yak
  5025 | D:4      | Killed a yak
  5026 | D:4      | Reached XP level 8. HP: 17/52 MP: 9/9
  5445 | D:4      | Killed a yak
  5452 | D:4      | Killed a yak
  5452 | D:4      | Reached ** piety under Okawaru
  5815 | D:4      | Killed a yak
  6178 | D:5      | Killed a yak
  6251 | D:5      | Got Jusomays's Volume of the Displaced Mountains
  6262 | D:5      | Reached XP level 9. HP: 55/58 MP: 11/11
  6452 | D:5      | Reached *** piety under Okawaru
  6453 | D:5      | Reached skill level 5 in Fighting
  6707 | D:5      | Found a transporter.
  6710 | D:5      | Noticed yahweh's ghost (amateur TeAE)
  6712 | D:5      | Identified the +6 great mace of Exquisite Torment {venom,
                  | Fly}
  6720 | D:5      | Found a transporter.
  7494 | D:6      | Mangled by an ogre

Illustrated notes

Levels and vault maps discovered:
D:1:      giann_bridges, layout_rooms, shapermc_ecumenical_altar_mp_ritualfount
D:2:      minmay_skewed_foursquare, layout_basic, serial_shops, shop,
          basic_altar
D:3:      layout_basic
D:4:      layout_rooms, minmay_temple_entry_large_hall, minmay_misc_feat_rugged,
          kennysheep_generic_room_6
D:5:      layout_loops_ring, gammafunk_ghost_smash, grunt_decor_mini_mirrors
D:6:      layout_basic, trog_antimagical, kennysheep_opposing_triangles
Temple:   nicolae_temple_figure_eight

Skill      XL: |  1  2  3  4  5  6  7  8  9 |
---------------+----------------------------+-----
Axes           | 2 3 4 5 6 |  6.5
Armour         | 4 5 6 |  6.3
Fighting       | 4 5 |  5.1
Evocations     | 1 2 3 |  3.4
Translocations | 1 2 3 |  3.4
Invocations    | 1 2 3 |  3.9
Shields        | 4 |  4.2

Action                   |  1- 3 |  4- 6 |  7- 9 || total
-------------------------+-------+-------+-------++-------
Melee: War axe           |    98 |   232 |   172 ||   502
  Use: Scroll            |     2 |     8 |     2 ||    12
       Potion            |       |     1 |     1 ||     2
Armor: Scale mail        |    66 |   152 |    84 ||   302
       Chain mail        |       |       |    20 ||    20
Dodge: Dodged            |    72 |   116 |    89 ||   277
Block: Buckler           |    25 |    73 |    37 ||   135
